 Dungeon Crawl Stone Soup version 0.26.1-15-g04117e645d (webtiles) character file.

Game seed: 8433390522381421541

247334 suipiss the Sorcerer (level 18, 0/107 HPs)
             Began as a Mummy Ice Elementalist on Dec 29, 2022.
             Was a High Priest of Ashenzari.
             Hit by a silver javelin thrown by a merfolk javelineer (1 damage)
             ... while paralysed by a wizard
             ... on level 1 of the Depths on Dec 30, 2022.
             The game lasted 03:06:28 (59207 turns).

suipiss the Sorcerer (Mummy Ice Elementalist)      Turns: 59207, Time: 03:06:28

Health: 0/107      AC: 22    Str: 18    XL:     18   Next: 82%
Magic:  21/52      EV:  2    Int: 24    God:    Ashenzari [*****.]
Gold:   3637       SH:  0    Dex: 17    Spells: 6/59 levels left

rFire    + + .     SeeInvis +   t - +7 long sword of Eternity {elec, rC+ Str+7 Dex+3} (curse)
rCold    + . .     Faith    .   o - +0 buckler of the Yeti {Int+4 SInv}
rNeg     + + +     Spirit   .   w - +3 fire dragon scales (curse)
rPois    ∞         Reflect  +   B - +1 hat {Will+} (curse)
rElec    +         Harm     .   l - +2 ratskin cloak {*Rats rPois rN+ Str-1 Int-1 Dex+1} (curse)
rCorr    .         Rampage  .   I - +0 pair of gloves of Lethargy {+Blink rElec Will-} (curse)
Will     ++...     Clarity  +   j - +2 pair of boots (curse)
Stlth    ..........             f - amulet of reflection
HPRegen  0.27/turn              P - ring "Abupasye" {rPois rF+ MP+9 EV+4}
MPRegen  0.33/turn              h - ring of wizardry (curse)

@: paralysed, slightly contaminated, invisible (expiring)
A: no potions, fire vulnerability, cold resistance 1, negative energy resistance
3, torment resistance, unbreathing, in touch with death 1
}: 2/15 runes: barnacled, gossamer
a: Renounce Religion, Evoke Blink, Curse Item, Scrying, Transfer Knowledge


You were on level 1 of the Depths.
You worshipped Ashenzari.
Ashenzari was extremely pleased with you.
You visited 8 branches of the dungeon, and saw 34 of its levels.
You also visited: Trove, Sewer, Ice Cave and Volcano.

You collected 4278 gold pieces.
You spent 641 gold pieces at shops.

Inventory:

Hand Weapons
 t - the cursed +7 long sword of Eternity (weapon) {elec, rC+ Str+7 Dex+3}
   (You found it on level 5 of the Lair of Beasts)

   Occasionally, upon striking a foe, it can discharge electrical energy and
   cause terrible harm.
   It affects your strength (+7).
   It affects your dexterity (+3).
   It protects you from cold.
   It has a curse placed upon it.
 R - the +7 halberd "Vesidooz" {drain, rElec}
   (You found it in a treasure trove)

   A truly terrible weapon, it drains the life of those it strikes.
   It insulates you from electricity.
 S - the +4 morningstar of Courage {pain, rF+ Int+4}
   (You found it in a treasure trove)

   In the hands of one skilled in necromantic magic, it inflicts extra damage on
   living creatures.
   It affects your intelligence (+4).
   It protects you from fire.
Armour
 b - a +0 robe
 j - a cursed +2 pair of boots (worn)
 l - the cursed +2 ratskin cloak (worn) {*Rats rPois rN+ Str-1 Int-1 Dex+1}
   (You found it on level 12 of the Dungeon)

   It affects your strength (-1).
   It affects your intelligence (-1).
   It affects your dexterity (+1).
   It protects you from poison.
   It protects you from negative energy.
   It has a curse placed upon it.
 o - the +0 buckler of the Yeti (worn) {Int+4 SInv}
   (You found it on level 1 of the Lair of Beasts)

   It affects your intelligence (+4).
   It lets you see invisible.
 w - cursed +3 fire dragon scales (worn)
 B - a cursed +1 hat of willpower (worn)
 I - the cursed +0 pair of gloves of Lethargy (worn) {+Blink rElec Will-}
   (You acquired it on level 3 of the Shoals)

   It insulates you from electricity.
   It affects your willpower, your defense against some magical effects.
   It lets you blink.
   It has a curse placed upon it.
 J - the +2 leather armour "Liumnati" {*Drain rCorr Str+5 Dex+8}
   (You found it on level 12 of the Dungeon)

   It affects your strength (+5).
   It affects your dexterity (+8).
   It provides partial protection from all sources of acid and corrosion.
   It causes draining when unequipped.
 N - a +0 buckler of fire resistance
Magical Staves
 A - an uncursed staff of cold
Jewellery
 d - an uncursed ring of ice
 f - an amulet of reflection (around neck)
 h - a cursed ring of wizardry (right hand)
 p - a +6 ring of strength
 x - a cursed amulet of faith
 y - an uncursed ring of willpower
 z - the ring "Uqekocedgh" {+Blink rPois rCorr}
   (You found it on level 9 of the Dungeon)

   [ring of resist corrosion]

   It protects you from poison.
   It lets you blink.
   It provides partial protection from all sources of acid and corrosion.
 C - an uncursed ring of protection from fire
 K - an uncursed ring of flight
 P - the ring "Abupasye" (left hand) {rPois rF+ MP+9 EV+4}
   (You took it off a deep elf mage on level 1 of the Elven Halls)

   [ring of evasion]

   It affects your evasion (+4).
   It protects you from fire.
   It protects you from poison.
   It affects your magic capacity (+9).
Wands
 g - a wand of iceblast (20)
 m - a wand of polymorph (31)
 n - a wand of flame (30)
 u - a wand of disintegration (38)
 D - a wand of digging (3)
 L - a wand of acid (5)
Scrolls
 c - 7 scrolls of remove curse
 e - 7 scrolls of immolation
 k - 25 scrolls of identify
 r - 4 scrolls of teleportation
 s - 10 scrolls of amnesia
 v - 3 scrolls of magic mapping
 F - 2 scrolls of torment
 G - a scroll of silence
 H - 3 scrolls of enchant weapon
 M - a scroll of fog
Miscellaneous
 q - a phantom mirror


   Skills:
 - Level 3.2(6.7) Armour
 - Level 8.0(12.0) Dodging
 - Level 1.5 Stealth
 - Level 3.3 Shields
 * Level 21.4 Spellcasting
 - Level 12.4 Conjurations
 - Level 5.0 Hexes
 - Level 5.0 Summonings
 - Level 5.1 Transmutations
 * Level 16.3 Ice Magic
 - Level 4.3 Poison Magic


You had 6 spell levels left.
You knew the following spells:

 Your Spells              Type           Power        Failure   Level
a - Freeze                Ice            100%         0%          1
b - Frozen Ramparts       Ice            100%         0%          3
c - Ozocubu's Armour      Ice            81%          0%          3
d - Hailstorm             Conj/Ice       76%          1%          4
e - Summon Ice Beast      Ice/Summ       67%          1%          4
f - Irradiate             Conj/Tmut      30%          1%          5
g - Olgreb's Toxic Radia  Pois           46%          4%          4
h - Ignite Poison         Fire/Tmut/Pois 40%          1%          3
i - Blink                 Tloc           N/A          4%          2
j - Alistair's Intoxicat  Tmut/Pois      32%          11%         5
k - Summon Mana Viper     Hex/Summ       50%          9%          5
l - Apportation           Tloc           50%          2%          1
m - Invisibility          Hex            49%          43%         6
n - Bolt of Magma         Conj/Fire/Erth 22%          12%         5
o - Swiftness             Air            25%          4%          2

Your spell library contained the following spells:

 Spells                   Type           Power        Failure   Level
 Corona                   Hex            54%          1%          1
 Foxfire                  Conj/Fire      100%         1%          1
 Magic Dart               Conj           100%         1%          1
 Sting                    Tmut/Pois      100%         1%          1
 Call Imp                 Summ           50%          1%          2
 Ensorcelled Hibernation  Hex/Ice        100%         1%          2
 Passwall                 Tmut/Erth      31%          1%          2
 Poisonous Vapours        Pois/Air       72%          1%          2
 Slow                     Hex            49%          1%          2
 Confusing Touch          Hex            49%          1%          3
 Conjure Flame            Conj/Fire      53%          1%          3
 Dazzling Flash           Conj/Hex       100%         1%          3
 Mephitic Cloud           Conj/Pois/Air  51%          1%          3
 Stone Arrow              Conj/Erth      100%         1%          3
 Tukima's Dance           Hex            49%          1%          3
 Sticky Flame             Conj/Fire      53%          1%          4
 Sandblast                Erth           50%          2%          1
 Inner Flame              Hex/Fire       37%          2%          3
 Fireball                 Conj/Fire      26%          5%          5
 Lesser Beckoning         Tloc           12%          8%          3
 Leda's Liquefaction      Hex/Erth       18%          9%          4
 Petrify                  Tmut/Erth      38%          9%          4
 Summon Demon             Summ           25%          9%          5
 Passage of Golubria      Tloc           N/A          24%         4
 Summon Forest            Summ/Tloc      18%          24%         5
 Iron Shot                Conj/Erth      26%          28%         6
 Shadow Creatures         Summ           N/A          41%         6
 Eringya's Noxious Bog    Tmut/Pois      24%          45%         6
 Lee's Rapid Deconstruct  Erth           12%          52%         5
 Summon Hydra             Summ           25%          92%         7
 Shatter                  Erth           12%          100%        9
 Sublimation of Blood     Necr           Unusable     N/A         2
 Statue Form              Tmut/Erth      Unusable     N/A         6

Dungeon Overview and Level Annotations

Branches:
Dungeon (15/15)            Temple (1/1) D:4            Lair (6/6) D:9
 Shoals (4/4) Lair:3       Spider (4/4) Lair:3        Slime (0/5) Lair:6
    Orc (2/2) D:10            Elf (1/3) Orc:2        Vaults (0/5) D:14
 Depths (1/5) D:15          Sewer (visited)           IceCv (visited)
Volcano (visited)

Altars:
Ashenzari
Dithmenos
Elyvilon
Hepliaklqana
Kikubaaqudgha
Nemelex Xobeh
Okawaru
Sif Muna
Wu Jian
Xom
Yredelemnul
Zin
The Shining One
Beogh

Shops:
D:4 }   Orc:2 ([*=*   Shoals:4 [

Annotations:
Shoals:1 1 runed translucent door, lake5's ghost, journeyman GrEE


Innate Abilities, Weirdness & Mutations

You do not drink.
Your flesh is vulnerable to fire.
You are immune to poison.
Your flesh is cold resistant. (rC+)
You are immune to negative energy. (rN+++)
You are immune to unholy pain and torment.
You can survive without breathing.
You are in touch with the powers of death.


Message History

The vampire mage bites you but does no damage.
The red ugly thing stings you.
You are engulfed in flames.
You resist.
The slime creature quivers.
The wizard points at you and mumbles some strange words.
The frost giant resists with almost no effort.
The merfolk javelineer throws a silver javelin.
The silver javelin pierces through the stone giant!
The silver javelin pierces through you.
The stone giant throws a large rock.
The large rock hits you!!
The vampire mage hits you but does no damage.
The vampire mage bites you but does no damage.
The red ugly thing stings you but does no damage.
The slime creature quivers. x2
The stone giant hits you!!
* * * LOW HITPOINT WARNING * * *
The merfolk javelineer throws a silver javelin.
The silver javelin pierces through the stone giant!!
The silver javelin pierces through you!
* * * LOW HITPOINT WARNING * * *
You die...

,,,
.........(#.#...., ,
, * *
#......p...........,
, *
***$.................
, , *
*................ ≈ ≈
, , {{{
#.....(....m..!, ≈ ≈
, *, *#$..p...C......
≈ ≈ * * *,*
##..(.C))...J., * *,
{####....V.C.##,, ≈≈
≈ ≈
,,{.......).[@u..#,,
≈ ,
...##.....(##......
*≈ ≈ *** #* #......#
*....., ≈≈*≈
##..(....* .... ≈≈
##........ ... ≈* ≈
##.......# ..,, ,
##.≈...## ,. #$..###
, , ##.## , ***


You could see a frost giant, 2 stone giants, a merfolk javelineer, a red ugly
thing, a hell knight, a slime creature (wandering), a vampire mage (invisible)
and a wizard.

Vanquished Creatures
  Mara (Spider:4)
  Nikola (Spider:4)
  Jorgrun (Orc:1)
  2 krakens
  Kirke (D:14)
  2 orc warlords
  Aizul (Shoals:3)
  5 ghost moths
  3 emperor scorpions
  6 vampire knights
  A dire elephant (D:15)
  An entropy weaver (Spider:3)
  4 spark wasps
  A merfolk javelineer (Shoals:3)
  5 merfolk impalers
  A fire dragon (D:15)
  Josephine (Lair:6)
  Snorg (Orc:1)
  2 blizzard demons (IceCv)
  Harold (D:7)
  2 centaur warriors
  9 hydras
  3 boulder beetles
  2 alligator snapping turtles
  A death knight (D:14)
  4 merfolk avatars
  3 two-headed ogres
  A merfolk aquamancer (Shoals:3)
  7 dancing weapons (Elf:1)
  A deep troll earth mage (Depths:1)
  5 catoblepae
  A satyr (Shoals:3)
  19 death yaks
  4 orc high priests (Orc:2)
  A vampire mage (D:15)
  A tengu warrior (D:14)
  6 hell knights
  5 deep elf knights (Elf:1)
  9 sea snakes
  2 deep trolls
  6 deep elf archers
  A phantasmal warrior (D:14)
  4 orc knights (Orc:2)
  A necromancer (Depths:1)
  4 orc sorcerers (Orc:2)
  9 harpies
  30 wolf spiders
  19 orb spiders
  4 oklob plants
  4 cyclopes
  A salamander (shapeshifter) (D:13)
  20 deep elf magi
  10 manticores
  3 fauns (Shoals:3)
  2 moths of wrath
  5 black mambas
  11 ugly things
  A manticore (shapeshifter) (Depths:1)
  7 elephants
  A naga mage (D:15)
  Maurice (D:8)
  Psyche (D:10)
  A gargoyle (D:13)
  A water nymph (Shoals:3)
  5 ice statues
  6 cane toads
  12 rime drakes
  A yaktaur (Depths:1)
  A freezing wraith (D:14)
  17 komodo dragons
  3 anaconda simulacra (IceCv)
  15 demonic crawlers
  A yaktaur (shapeshifter) (D:15)
  9 ice devils (IceCv)
  6 trolls
  3 meliai (Spider:2)
  A queen bee (shapeshifter) (D:14)
  34 jumping spiders
  6 wind drakes
  5 hornets (Spider:4)
  22 merfolk
  Grinder (D:6)
  17 blink frogs
  10 slime creatures (D:15)
  7 dream sheep (Lair:6)
  8 snapping turtles
  A centaur simulacrum (D:15)
  A spriggan (shapeshifter) (D:14)
  46 tarantellas
  3 flying skulls (Volcano)
  75 redbacks
  A redback (shapeshifter) (D:14)
  8 water elementals
  2 dire elephant simulacra (IceCv)
  2 vampires
  A wyvern (Lair:5)
  47 yaks
  5 wraiths
  4 basilisks
  2 vampire mosquitoes (D:14)
  4 hogs (D:14)
  4 steam dragons
  Menkaure (D:5)
  Edmund (D:4)
  2 swamp worms (Lair:1)
  2 harpy simulacra (IceCv)
  An iron troll simulacrum (IceCv)
  13 water moccasins
  A soldier ant (D:12)
  A hydra simulacrum (IceCv)
  A swamp drake (D:9)
  An ettin simulacrum (IceCv)
  45 orc warriors
  3 ice beasts
  A phantom (D:7)
  7 sky beasts
  6 black bears
  A necrophage (D:12)
  7 ogres
  2 boggarts (Depths:1)
  15 wolves
  10 centaurs
  6 big kobolds
  7 bullfrogs
  4 scorpions
  23 killer bees
  7 howler monkeys
  8 wights
  2 electric eels
  A crimson imp (D:9)
  2 bullfrog zombies
  A quasit (D:7)
  3 centaur zombies
  4 hounds
  5 jellies
  A bullfrog skeleton (D:6)
  24 orc priests
  Crazy Yiuf (D:5)
  A gnoll shaman (D:5)
  39 orc wizards
  A centaur skeleton (D:4)
  An iron imp (D:9)
  2 iguanas
  Natasha (thrice) (D:2)
  6 worker ants
  Robin (D:2)
  3 worker ant zombies
  9 gnolls
  15 adders
  3 river rats (Sewer)
  4 shadow imps
  5 white imps
  2 ufetubi
  An ooze (Sewer)
  An adder skeleton (D:4)
  4 worms
  3 leopard geckos
  97 orcs
  4 ball pythons
  7 giant cockroaches
  17 goblins
  4 hobgoblins
  3 jackals (D:4)
  4 quokkas
  3 bats
  2 frilled lizards
  A jackal zombie (D:5)
  38 kobolds
  2 leopard gecko zombies (D:5)
  25 rats
  6 tentacles
1207 creatures vanquished.

Vanquished Creatures (collateral kills)
  Polyphemus (Shoals:4)
  2 ghost moths
  A merfolk javelineer (Shoals:4)
  A hydra (D:15)
  A catoblepas (Shoals:4)
  A satyr (Shoals:4)
  2 death yaks (Shoals:4)
  A sea snake (Shoals:3)
  A harpy (Shoals:1)
  2 manticores
  An ugly thing (D:14)
  A cane toad (Lair:4)
  2 demonic crawlers
  2 komodo dragons (Lair:1)
  3 ice devils (IceCv)
  A wind drake (Shoals:1)
  A tarantella (Spider:3)
  A redback (Spider:4)
  A yak (Lair:3)
  A hound (D:12)
  A jelly (D:15)
  4 orcs
32 creatures vanquished.

Vanquished Creatures (others)
  A harpy (shapeshifter) (Depths:1)
  2 orcs (D:9)
  A kobold (D:13)
  44 fungi
  87 plants
  5 tentacles
140 creatures vanquished.

Grand Total: 1379 creatures vanquished

Notes
Turn   | Place    | Note
-------+----------+-------------------------------------------
     0 | D:1      | suipiss the Mummy Ice Elementalist began the quest for the
                  | Orb.
     0 | D:1      | Reached XP level 1. HP: 13/13 MP: 4/4
   395 | D:1      | Reached XP level 2. HP: 19/19 MP: 5/5
   433 | D:1      | Reached skill level 3 in Spellcasting
  1284 | D:2      | Noticed Natasha
  1375 | D:2      | Reached XP level 3. HP: 24/24 MP: 7/7
  1379 | D:2      | Learned a level 3 spell: Frozen Ramparts
  1387 | D:2      | Learned a level 3 spell: Ozocubu's Armour
  1456 | D:2      | Reached skill level 1 in Conjurations
  1553 | D:2      | Noticed Robin
  1564 | D:2      | Killed Robin
  1565 | D:2      | Reached XP level 4. HP: 18/30 MP: 0/9
  1831 | D:2      | Killed Natasha
  1982 | D:2      | Reached skill level 4 in Spellcasting
  2051 | D:2      | Learned a level 4 spell: Hailstorm
  2069 | D:2      | Noticed Natasha
  2073 | D:2      | Killed Natasha
  2074 | D:2      | Reached XP level 5. HP: 23/35 MP: 4/11
  2234 | D:2      | Noticed Natasha
  2241 | D:2      | Killed Natasha
  2687 | D:3      | Found a hazy altar of Hepliaklqana.
  2831 | D:3      | Found a glowing drain.
  2849 | Sewer    | Entered a sewer
  3139 | Sewer    | Reached XP level 6. HP: 38/41 MP: 8/13
  3404 | Sewer    | Reached skill level 5 in Spellcasting
  4410 | D:4      | Found Jekhlehu's Gadget Boutique.
  4689 | D:4      | Found a staircase to the Ecumenical Temple.
  4699 | Temple   | Entered the Ecumenical Temple
  4736 | Temple   | Became a worshipper of Ashenzari the Shackled
  4860 | D:4      | Learned a level 4 spell: Summon Ice Beast
  5025 | D:4      | Reached XP level 7. HP: 37/46 MP: 10/15
  5286 | D:4      | Found a basalt altar of Yredelemnul.
  5340 | D:4      | Noticed Edmund
  5350 | D:4      | Killed Edmund
  5465 | D:5      | Entered Level 5 of the Dungeon
  5487 | D:5      | Reached skill level 5 in Ice Magic
  5537 | D:5      | Noticed Menkaure
  5549 | D:5      | Killed Menkaure
  5550 | D:5      | Reached skill level 6 in Spellcasting
  6046 | D:5      | Reached XP level 8. HP: 52/52 MP: 11/17
  6743 | D:5      | Found an ancient bone altar of Kikubaaqudgha.
  6937 | D:5      | Found a runed translucent door.
  6938 | D:5      | Noticed Crazy Yiuf
  6947 | D:5      | Killed Crazy Yiuf
  7097 | D:6      | Reached skill level 7 in Spellcasting
  7202 | D:6      | Reached * piety under Ashenzari
  7276 | D:6      | Noticed Grinder
  7280 | D:6      | Paralysed by Grinder for 3 turns
  7295 | D:6      | Killed Grinder
  7547 | D:6      | Reached skill level 5 in Conjurations
  7915 | D:6      | Found a shadowy altar of Dithmenos.
  8000 | D:6      | Reached XP level 9. HP: 57/57 MP: 16/20
  8034 | D:6      | Found an iron altar of Okawaru.
  8085 | D:6      | Reached skill level 8 in Spellcasting
  8265 | D:7      | Found a glowing golden altar of the Shining One.
  8300 | D:7      | Noticed Harold
  8314 | D:7      | Killed Harold
  8821 | D:7      | Reached skill level 9 in Spellcasting
  9615 | D:8      | Reached skill level 1 in Shields
  9636 | D:8      | Reached skill level 1 in Armour
 10082 | D:8      | Noticed Maurice
 10100 | D:8      | Killed Maurice
 10101 | D:8      | Reached XP level 10. HP: 63/63 MP: 8/23
 10219 | D:8      | Found a sparkling altar of Nemelex Xobeh.
 10445 | D:9      | Reached ** piety under Ashenzari
 11101 | D:9      | Reached skill level 1 in Poison Magic
 11128 | D:9      | Identified the ring "Uqekocedgh" {+Blink rPois rCorr}
 11399 | D:9      | Noticed a deep elf mage
 11404 | D:9      | Killed a deep elf mage
 11498 | D:9      | Noticed a deep elf mage
 11501 | D:9      | Killed a deep elf mage
 11774 | D:9      | Found a staircase to the Lair.
 11779 | D:9      | Reached skill level 10 in Spellcasting
 11909 | D:9      | Reached skill level 5 in Dodging
 12024 | D:10     | Entered Level 10 of the Dungeon
 12111 | D:10     | Found a staircase to the Orcish Mines.
 12128 | D:10     | Noticed Psyche
 12138 | D:10     | Killed Psyche
 12617 | D:10     | Noticed a manticore
 12765 | D:10     | Killed a manticore
 13645 | D:10     | Reached *** piety under Ashenzari
 13795 | D:11     | Noticed a cyclops
 13811 | D:11     | Killed a cyclops
 13812 | D:11     | Reached XP level 11. HP: 68/68 MP: 5/25
 14355 | D:11     | Found a portal to a secret trove of treasure.
 14826 | D:12     | Noticed a deep elf mage
 14833 | D:12     | Killed a deep elf mage
 15217 | D:12     | Noticed a two-headed ogre
 15230 | D:12     | Killed a two-headed ogre
 15231 | D:12     | Reached skill level 11 in Spellcasting
 15484 | D:12     | Noticed a six-headed hydra
 15491 | D:12     | Killed a six-headed hydra
 15946 | D:12     | Reached **** piety under Ashenzari
 15952 | D:12     | Noticed a purple ugly thing
 15961 | D:12     | Killed a purple ugly thing
 16099 | D:12     | Identified the +2 leather armour "Liumnati" {*Drain rCorr
                  | Str+5 Dex+8}
 16206 | D:12     | Identified a scroll of acquirement
 16207 | D:12     | Acquired a book of Alchemy
 16217 | D:12     | Learned a level 5 spell: Irradiate
 16617 | D:12     | Found the +2 ratskin cloak {*Rats rPois rN+ Str-1 Int-1
                  | Dex+1}
 16712 | D:12     | Reached skill level 1 in Transmutations
 17490 | Orc:1    | Entered Level 1 of the Orcish Mines
 17490 | Orc:1    | Noticed Snorg
 17501 | D:10     | Learned a level 4 spell: Olgreb's Toxic Radiance
 17505 | D:10     | Learned a level 3 spell: Ignite Poison
 17516 | Orc:1    | Killed Snorg
 17752 | Orc:1    | Reached XP level 12. HP: 74/74 MP: 12/27
 17869 | Orc:1    | Noticed Jorgrun
 17875 | Orc:1    | Killed Jorgrun
 17876 | Orc:1    | Reached skill level 12 in Spellcasting
 18086 | Orc:1    | Noticed an orc warlord
 18251 | Lair:1   | Entered Level 1 of the Lair of Beasts
 19856 | Lair:1   | Got the cursed buckler of the Yeti {Int+4 SInv}
 19862 | Lair:1   | Identified the cursed +0 buckler of the Yeti {Int+4 SInv}
                  | (You found it on level 1 of the Lair of Beasts)
 21347 | Lair:2   | Reached ***** piety under Ashenzari
 21912 | Lair:3   | Found a hole to the Spider Nest.
 22010 | Lair:3   | Reached skill level 13 in Spellcasting
 22180 | Lair:3   | Gained mutation: You are in touch with the powers of death.
                  | [Mummy growth]
 22180 | Lair:3   | Reached XP level 13. HP: 56/79 MP: 19/30
 22184 | Lair:3   | Reached skill level 10 in Ice Magic
 22337 | Lair:3   | Found a staircase to the Shoals.
 22634 | Lair:3   | Reached skill level 5 in Transmutations
 25130 | Lair:5   | Identified the +0 buckler of Liberty {rF- Int+2 SInv}
 25378 | Lair:5   | Found a dark tunnel.
 25385 | Volcano  | Entered a volcano
 25967 | Lair:5   | Reached skill level 14 in Spellcasting
 26574 | Lair:5   | Identified the +7 long sword of Eternity {elec, rC+ Str+7
                  | Dex+3}
 26911 | Lair:5   | Reached ****** piety under Ashenzari
 27230 | Lair:6   | Entered Level 6 of the Lair of Beasts
 27230 | Lair:6   | Noticed Josephine
 27238 | Lair:6   | Killed Josephine
 27243 | Lair:5   | Reached XP level 14. HP: 79/85 MP: 4/32
 27595 | Lair:6   | Found a staircase to the Slime Pits.
 28241 | Lair:6   | Reached skill level 15 in Spellcasting
 30219 | Orc:1    | Killed an orc warlord
 30220 | Orc:1    | Reached skill level 16 in Spellcasting
 30455 | Orc:1    | Found a roughly hewn altar of Beogh.
 30730 | Orc:2    | Entered Level 2 of the Orcish Mines
 31060 | Orc:2    | Found a staircase to the Elven Halls.
 31194 | Orc:2    | Found Faorixui's General Store.
 31968 | Orc:2    | Reached XP level 15. HP: 90/90 MP: 11/35
 32208 | Orc:2    | Reached skill level 10 in Conjurations
 32256 | Orc:2    | Noticed an orc warlord
 32381 | Orc:2    | Killed an orc warlord
 32980 | Orc:2    | Found Xuowufago's Antique Armour Emporium.
 32981 | Orc:2    | Found Opauh's Antique Weapon Shoppe.
 32983 | Orc:2    | Found Feffaronace's General Store.
 32983 | Orc:2    | Found Losuow's Jewellery Emporium.
 33088 | Orc:2    | Bought a scroll of amnesia for 45 gold pieces
 33088 | Orc:2    | Bought a scroll of amnesia for 45 gold pieces
 33145 | Orc:2    | Bought an uncursed amulet of reflection for 390 gold pieces
 33315 | D:13     | Learned a level 2 spell: Blink
 33338 | D:13     | Learned a level 5 spell: Alistair's Intoxication
 34563 | D:14     | Noticed Kirke
 34571 | D:14     | Killed Kirke
 34896 | D:14     | Found a gate to the Vaults.
 35060 | D:14     | Reached skill level 17 in Spellcasting
 36179 | D:15     | Entered Level 15 of the Dungeon
 36189 | D:15     | Reached skill level 1 in Hexes
 36189 | D:15     | Reached skill level 1 in Summonings
 37236 | D:15     | Found a staircase to the Depths.
 37364 | D:15     | Found a broken altar of Ashenzari.
 37693 | Depths:1 | Entered Level 1 of the Depths
 37822 | D:15     | Learned a level 5 spell: Summon Mana Viper
 38041 | Spider:1 | Entered Level 1 of the Spider Nest
 39482 | Spider:1 | Reached XP level 16. HP: 96/96 MP: 29/37
 41342 | Spider:2 | Reached skill level 18 in Spellcasting
 41978 | Spider:3 | Reached skill level 5 in Hexes
 42324 | Spider:2 | Acquired 465 gold pieces
 43701 | Spider:3 | Reached skill level 5 in Summonings
 43986 | Spider:4 | Entered Level 4 of the Spider Nest
 43989 | Spider:4 | Noticed Nikola
 44301 | Spider:4 | Noticed Mara
 44308 | Spider:4 | Noticed suipiss's illusion
 44966 | Shoals:1 | Entered Level 1 of the Shoals
 44966 | Shoals:1 | Found a shimmering blue altar of Sif Muna.
 45243 | Shoals:1 | Learned a level 1 spell: Apportation
 45250 | Shoals:1 | Learned a level 6 spell: Invisibility
 45597 | Shoals:1 | Found a runed translucent door.
 45632 | Shoals:1 | Noticed lake5's ghost (journeyman GrEE)
 46502 | Shoals:1 | Noticed a kraken
 46510 | Shoals:1 | Killed a kraken
 47050 | Shoals:2 | Reached XP level 17. HP: 86/95 MP: 19/39
 47205 | Shoals:2 | Noticed a kraken
 47213 | Shoals:2 | Killed a kraken
 48139 | Shoals:3 | Identified the cursed +1 morningstar "Uhiodgh" {vorpal,
                  | Dex+9}
 48154 | Shoals:3 | Reached skill level 19 in Spellcasting
 48300 | Shoals:3 | Acquired the cursed +0 pair of gloves of Lethargy {+Blink
                  | rElec Will-}
 48548 | Shoals:3 | Noticed Aizul
 48559 | Shoals:3 | Killed Aizul
 48693 | Shoals:3 | Acquired cursed +2 shadow dragon scales
 49278 | Shoals:3 | HP: 3/101 [merfolk javelineer/silver javelin (6)]
 50156 | Shoals:4 | Entered Level 4 of the Shoals
 50156 | Shoals:4 | Found a frozen archway.
 50177 | IceCv    | Entered an ice cave
 50473 | IceCv    | Learned a level 5 spell: Bolt of Magma
 51504 | Shoals:4 | Found the +8 storm bow {elec, penet}
 51506 | Shoals:4 | Found Tenn's Armour Shop.
 51522 | Shoals:4 | Learned a level 2 spell: Swiftness
 51566 | Shoals:4 | Bought a +0 buckler of fire resistance for 161 gold pieces
 52016 | Shoals:4 | Identified the ring of the Demon Prince {*Tele rElec rF+
                  | Will+}
 52368 | Shoals:4 | Noticed Polyphemus
 52376 | Shoals:4 | Killed Polyphemus
 52582 | Shoals:4 | Reached skill level 15 in Ice Magic
 52690 | Shoals:4 | Got a barnacled rune of Zot
 52989 | Elf:1    | Entered Level 1 of the Elven Halls
 53376 | Elf:1    | Reached skill level 20 in Spellcasting
 54024 | Elf:1    | Identified the ring "Abupasye" {rPois rF+ MP+9 EV+4}
 54224 | D:11     | You paid a toll of +3 shadow dragon scales to enter a
                  | treasure trove
 54225 | Trove    | Entered a treasure trove
 54228 | Trove    | Identified the +7 halberd "Vesidooz" {drain, rElec}
 54229 | Trove    | Identified the +4 morningstar of Courage {pain, rF+ Int+4}
 54463 | Spider:4 | Killed Nikola
 54464 | Spider:4 | Reached XP level 18. HP: 99/107 MP: 22/42
 55408 | Spider:4 | Noticed suipiss's illusion
 55426 | Spider:4 | Noticed suipiss's illusion
 56187 | Spider:4 | Killed Mara
 57175 | Spider:4 | Reached skill level 21 in Spellcasting
 57698 | Spider:4 | Got a gossamer rune of Zot
 59202 | Depths:1 | Paralysed by a wizard for 6 turns
 59207 | Depths:1 | HP: 1/107 [merfolk javelineer/silver javelin (12)]
 59207 | Depths:1 | Hit by a silver javelin thrown by a merfolk javelineer

Illustrated notes

Levels and vault maps discovered:
D:1:      mrwooster_arrival_statue_2, layout_basic, serial_glass,
          glass_columns_a, glass_columns_c, kennysheep_pointless_box,
          minmay_misc_feat_rugged
D:2:      layout_rooms, hangedman_abyss_or_decor_lesser_grid, uniq_robin,
          uniq_natasha
D:3:      layout_basic, nzn_hepliaklqana_mist_gate, cheibrodos_sewer_entry_bend
D:4:      layout_loops_ring, kennysheep_mini_moat, minmay_temple_entry_fiery,
          serial_shops, shop, uniq_edmund
D:5:      layout_cave_pools, kiku_gazebo_pond_becter, grunt_decor_one_mirror,
          uniq_crazy_yiuf_cottage, uniq_menkaure
D:6:      layout_loops_ring, overflow_temple_1_default, marbit_many_paths,
          uniq_grinder
D:7:      layout_loops_ring, tso_altar, uniq_harold
D:8:      layout_basic, nemelex_altar_shiori, uniq_maurice
D:9:      layout_gridville, grunt_lair_entry_orc_guard_hut,
          hangedman_minor_magic
D:10:     layout_irregular_city, orc_0_dummy, uniq_psyche
D:11:     layout_roguey, nicolae_trove_entry_isolated
D:12:     layout_layer_cave
D:13:     layout_basic
D:14:     layout_irregular_city, david_vaults_2, moated_statue,
          minmay_misc_feat_plants, uniq_kirke
D:15:     hangedman_depths_entry_try_elsewhere_first, layout_rooms,
          evilmike_ruin_ashenzari
Temple:   regret_index_temple_sphere_string
Lair:1:   layout_roguey, worms_lemuel
Lair:2:   layout_hall_layers
Lair:3:   layout_gridlike, shoals_dummy_entry, dummy_spider_entry, st_stairs_8,
          lemuel_fruit_fields, minmay_lair_oklob_chamber
Lair:4:   layout_cave_shapes, grunt_megastairs_2
Lair:5:   layout_regular_city, enter_volcano_2, chequers_serial_rivers_micro_e,
          minivault_26, chequers_serial_rivers_micro_d, grunt_megastairs_3,
          serial_bayou_shore_b
Lair:6:   evilmike_catoblepas_cave, layout_regular_city, slime_dummy,
          chequers_serial_rivers_large_b, infiniplex_staircase_pool_2,
          uniq_josephine
Shoals:1: layout_shoals, ebering_ghost_inner_flame, lemuel_oklob_altar
Shoals:2: layout_shoals, nicolae_shoals_drake_roost
Shoals:3: nzn_motion_control, layout_shoals, uniq_aizul
Shoals:4: shoals_end_hangedman, layout_shoals,
          portal_ice_cave_entry_ice_statue_two, serial_shops,
          nicolae_shop_behind_doors, uniq_polyphemus
Spider:1: layout_spider_delve
Spider:2: layout_spider_delve
Spider:3: layout_spider_delve
Spider:4: grunt_spider_rune_parallel, nicolae_orb_island, uniq_nikola, uniq_mara
Orc:1:    layout_caves, david_defended_altar_orc, uniq_jorgrun, uniq_snorg
Orc:2:    st_orc_congregation, layout_caves, serial_shops, shop,
          nicolae_orc_flooded_monolith
Elf:1:    layout_geoelf_octagon, hangedman_elven_crosses_minicolossus
Depths:1: layout_cave_pools, hell_entry, minmay_misc_feat_secret_circle,
          nicolae_lava_and_water, minmay_guarded_unrand_vampires_tooth

Skill      XL: |  1  2  3  4  5  6  7  8  9 10 11 12 13 14 15 16 17 18 |
---------------+-------------------------------------------------------+-----
Spellcasting   | 3 4 5 6 7 9 10 11 13 14 16 17 18 20 21 | 21.4
Conjurations   | 1 2 3 5 6 7 8 9 10 11 12 | 12.4
Dodging        | 2 3 4 5 6 7 8 |  8.0
Ice Magic      | 4 5 6 7 8 9 11 12 13 14 15 16 | 16.3
Shields        | 1 2 3 |  3.3
Armour         | 1 2 3 |  3.2
Poison Magic   | 3 4 |  4.3
Transmutations | 2 4 5 |  5.1
Hexes          | 3 5 |  5.0
Summonings     | 2 5 |  5.0
Stealth        | |  1.5

Action                   |  1- 3 |  4- 6 |  7- 9 | 10-12 | 13-15 | 16-18 || total
-------------------------+-------+-------+-------+-------+-------+-------++-------
Melee: Club              |     6 |       |       |       |       |       ||     6
       Whip              |    44 |   133 |   228 |   299 |    23 |       ||   727
       Unarmed           |     1 |       |       |       |       |       ||     1
       Long sword        |       |       |       |       |   168 |   240 ||   408
 Cast: Freeze            |    15 |     7 |     6 |    41 |     7 |       ||    76
       Frozen Ramparts   |     5 |    26 |    37 |    59 |    15 |    17 ||   159
       Ozocubu's Armour  |       |     4 |    19 |    14 |       |     2 ||    39
       Hailstorm         |       |       |    15 |   104 |   122 |   117 ||   358
       Summon Ice Beast  |       |       |       |    25 |    10 |    11 ||    46
       Ignite Poison     |       |       |       |    26 |   137 |   234 ||   397
       Olgreb's Toxic Ra |       |       |       |    22 |   120 |   150 ||   292
       Irradiate         |       |       |       |     6 |   110 |   137 ||   253
       Alistair's Intoxi |       |       |       |       |     4 |       ||     4
       Summon Mana Viper |       |       |       |       |       |    47 ||    47
       Blink             |       |       |       |       |       |     6 ||     6
       Bolt of Magma     |       |       |       |       |       |    21 ||    21
       Apportation       |       |       |       |       |       |     1 ||     1
       Invisibility      |       |       |       |       |       |     3 ||     3
       Swiftness         |       |       |       |       |       |     3 ||     3
Invok: Curse Item        |       |     2 |       |     6 |     2 |     2 ||    12
       Scrying           |       |       |       |       |       |     6 ||     6
Evoke: Wand              |       |       |     6 |    22 |     3 |    17 ||    48
       Phantom mirror    |       |       |       |       |       |     2 ||     2
  Use: Scroll            |     1 |     8 |     9 |    15 |     8 |    29 ||    70
 Stab: Sleeping          |     3 |       |     4 |     9 |     1 |     1 ||    18
       Petrified         |       |       |       |     1 |       |       ||     1
       Distracted        |       |       |       |     1 |     1 |       ||     2
Armor: Robe              |     6 |    21 |    69 |     8 |       |       ||   104
       Leather armour    |       |       |       |   109 |    57 |    40 ||   206
       Fire dragon scale |       |       |       |       |       |   162 ||   162
Dodge: Dodged            |    53 |    84 |   165 |   414 |   302 |   476 ||  1494
Block: Buckler           |       |       |       |    19 |   151 |   324 ||   494
       Reflection        |       |       |       |       |    12 |    17 ||    29
       Rpst.: Long sword |       |       |       |       |    62 |    88 ||   150
